[Event "*** SCC Grand Prix: Titled Tuesday Blitz"]
[Site "Chess.com"]
[Date "2020.07.14"]
[Round "1"]
[White "northridgehawk"]
[Black "chargemax23"]
[Result "0-1"]
[WhiteElo "2357"]
[BlackElo "2683"]
[TimeControl "180+1"]
[EndTime "10:07:37 PDT"]
[Termination "chargemax23 won by checkmate"]

1. e4 g6 2. d4 Bg7 3. Nc3 d6 4. Be3 a6 5. h3 b5 6. g4 Bb7 7. Bg2 Nd7 8. Nge2 c5 9. Qd2 cxd4 10. Nxd4 Nb6 11. b3 Rc8 12. O-O Qc7 13. Nce2 Nf6 14. Ng3 O-O 15. Rac1 e5 16. Ndf5 gxf5 17. Nxf5 Nxe4 18.
Qd3 Nc5 19. Bxc5 dxc5 20. Bxb7 Qxb7 21. Qe3 Nd5 22. Qg5 f6 23. Qh4 Nf4 24. f3 c4 25. Rce1 Rcd8 26. bxc4 bxc4 27. g5 Rd2 28. gxf6 Bxf6 29. Qg4+ Kh8 30. Ng3 Rg8 31. Qxg8+ Kxg8 32. Ne4 Qb6+ 33. Kh1 Rd7 34. Rg1+ Rg7 35. Ref1 Nxh3 36. Rxg7+ Kxg7 37. Re1 Kf7 38. Kg2 Ng5 39. Ng3 Qd4 40. Rf1 c3 41. Rf2 Ne6 42. Ne4 Nf4+ 43. Kg3 a5 44. Kg4 a4 45. Kf5 Qd7# 0-1

[Event "*** SCC Grand Prix: Titled Tuesday Blitz"]
[Site "Chess.com"]
[Date "2020.07.14"]
[Round "1"]
[White "Godzillator"]
[Black "Muracle"]
[Result "1-0"]
[WhiteElo "2320"]
[BlackElo "2596"]
[TimeControl "180+1"]
[EndTime "10:07:37 PDT"]
[Termination "Godzillator won by resignation"]

1. d4 Nf6 2. c4 g6 3. Nc3 d5 4.
Nf3 Bg7 5. cxd5 Nxd5 6. Qb3 Nxc3 7. bxc3 O-O 8. e3 c5 9. Be2 cxd4 10. cxd4 b6 11.
O-O Bb7 12. Ba3 Nc6 13. Rac1 Na5 14. Qb1 Qd7 15. Bb5 Qe6 16. Bb4 Rac8 17. Bxa5 bxa5 18. Bc4 Qd7 19. Be2 Bd5 20. Rxc8 Rxc8 21. a3 h6 22. Rc1 Kh7 23. Rxc8 Qxc8 24. h3 Qc3 25. Qb5 e6 26. a4 Bc6 27. Qa6 Bxa4 28. Qxa7 Be8 29.
Qe7 Qc8 30. Ba6 Qb8 31. Nd2 Qa8 32. Bb7 Qb8 33. Ne4 a4 34. Nd6 Bf6 35. Qf8 Bg7 36.
Qe7 Bf6 37. Qxf6 Qxd6 38. d5 Qb4 39. Bc6 Bxc6 40. dxc6 Kg8 41. Qd8+ Kg7 42. c7 Qe1+ 43. Kh2 Qxf2 44. c8=Q 1-0

[Event "*** SCC Grand Prix: Titled Tuesday Blitz"]
[Site "Chess.com"]
[Date "2020.07.14"]
[Round "1"]
[White "Alex_Molchanov"]
[Black "Morshynska"]
[Result "1-0"]
[WhiteElo "2519"]
[BlackElo "2188"]
[TimeControl "180+1"]
[EndTime "10:07:39 PDT"]
[Termination "Alex_Molchanov won on time"]

1. d4 d5 2. Nf3 Nf6 3. e3 c5 4.
Nbd2 Nc6 5. c3 Qb6 6. Bd3 Bg4 7.
h3 Bh5 8. O-O e6 9. dxc5 Bxc5 10.
b4 Be7 11. a3 a5 12. Bb2 O-O 13. Qe2 Ne5 14. Bc2 Rfc8 15. Rab1 Rc7 16. Qe1 Nxf3+ 17. Nxf3 Bxf3 18. gxf3 Nd7 19. Bd3 Ne5 20.
Be2 Nc4 21. Bc1 Bf6 22. Kh1 Rac8 23. Rg1 e5 24. e4 Qe6 25. Qf1 Nd6 26. exd5 Qxd5 27.
bxa5 Rxc3 28. Be3 Nf5 29. Rd1 Qc6 30. Bb6 Nd4 31. Bxd4 exd4 32. Rg3 g6 33. Kg2 Rxa3 34. Bd3 Rxa5 35. Be4 Qc7 36. Rb1 b6 37. Qd1 Rc5 38.
Qb3 Bd8 39. h4 Kg7 40. h5 Qf4 41. Qd3 Rxh5 42. Rd1 1-0

[Event "*** SCC Grand Prix: Titled Tuesday Blitz"]
[Site "Chess.com"]
[Date "2020.07.14"]
[Round "1"]
[White "TheWolfSpur"]
[Black "vpsetter"]
[Result "0-1"]
[WhiteElo "2299"]
[BlackElo "2607"]
[TimeControl "180+1"]
[EndTime "10:07:40 PDT"]
[Termination "vpsetter won by resignation"]

1. d4 Nf6 2. c4 e6 3. Nf3 d5 4. Nc3 dxc4 5. e4 Bb4 6. Bxc4 Nxe4 7. O-O Nxc3 8. bxc3 Bd6 9. Re1 O-O 10. Ng5 h6 11. Ne4 Nd7 12. Qf3 Be7 13. Rb1 c6 14. Bf4 Nb6 15. Bb3 Nd5 16. Be5 f6 17. Bg3 f5 18.
c4 fxe4 19. Qxe4 Nc3 20. Qd3 Nxb1 21. Bc2 Rf5 22. Rxb1 Bf6 23. Rd1 c5 24. d5 exd5 25.
cxd5 Bd7 26. Qb3 Qb6 27. Qe3 Re8 28. Qxe8+ Bxe8 29. Bxf5 Qd8 30. d6 Bd7 31. Be4 Bc6 32. Bxc6 bxc6 33. h3 Bd4 34. Rb1 Qd7 35. Rb8+ Kf7 36.
Rb1 c4 37. Rc1 c3 38. Kf1 c5 39. Rc2 Qb5+ 0-1

[Event "*** SCC Grand Prix: Titled Tuesday Blitz"]
[Site "Chess.com"]
[Date "2020.07.14"]
[Round "1"]
[White "ErikRonka"]
[Black "S2PAc"]
[Result "0-1"]
[WhiteElo "2387"]
[BlackElo "2736"]
[TimeControl "180+1"]
[EndTime "10:07:41 PDT"]
[Termination "S2PAc won by resignation"]

1. e4 e6 2. d4 d5 3. Nc3 Nc6 4. Nf3 Nf6 5. Bd3 Bb4 6. O-O Bxc3 7. exd5 exd5 8. bxc3 O-O 9. h3 Re8 10. Bf4 Ne4 11. c4 Nb4 12. Re1 Bf5 13. a3 Nxd3 14. cxd3 Nd6 15. c5 Rxe1+ 16. Qxe1 Ne8 17. Qc3 f6 18.
Rb1 b6 19. Re1 Qd7 20. Qb4 Kf7 21. Rc1 Bxd3 22. Qc3 Bc4 23. Nd2 b5 24. a4 a6 25. Ra1 c6 26. axb5 Bxb5 27. Nb3 g5 28.
Be3 Ng7 29. f4 h6 30. fxg5 hxg5 31. Ra2 Re8 32. Rf2 Nf5 33. Bxg5 fxg5 34. g4 Kg6 35. Rxf5 Qe6 36. Qd2 Qe1+ 37. Qxe1 Rxe1+ 38. Kg2 Re2+ 39. Kg1 Re3 40. Na5 Rxh3 41. Nb7 Rg3+ 42. Kf2 Rxg4 43. Rf8 Rxd4 44. Nd6 Rf4+ 45. Rxf4 gxf4 46. Kf3 Kg5 47. Nf7+ Kf6 48. Nd6 Ke5 0-1

[Event "*** SCC Grand Prix: Titled Tuesday Blitz"]
[Site "Chess.com"]
[Date "2020.07.14"]
[Round "1"]
[White "ChessBitl"]
[Black "EvgenyRomanov"]
[Result "1/2-1/2"]
[WhiteElo "2309"]
[BlackElo "2599"]
[TimeControl "180+1"]
[EndTime "10:07:41 PDT"]
[Termination "Game drawn by repetition"]

1. e4 c5 2. Nf3 a6 3. c4 e6 4. Nc3 Nc6 5. Be2 Nge7 6. O-O Nd4 7. Nxd4 cxd4 8. Nb1 Nc6 9. d3 Be7 10. a3 O-O 11. b4 b5 12. Bb2 Bb7 13. Nd2 Rc8 14. c5 a5 15. Qb3 a4 16. Qc2 d6 17. cxd6 Bxd6 18. Qd1 Qh4 19. g3 Qe7 20. f4 f5 21.
e5 Bb8 22. Bf3 g5 23. Rc1 Kh8 24. Kh1 Rg8 25. Rg1 Qd7 26. Qe2 Rg7 27. Rc5 gxf4 28. gxf4 Rxg1+ 29. Kxg1 Rg8+ 30. Kh1 Na7 31. Rc1 Bd5 32.
Rc5 Bb7 33. Rc1 Nc6 34. Rg1 Rxg1+ 35. Kxg1 Ne7 36. Bxb7 Qxb7 37. Qf3 Nd5 38. Bxd4 Ba7 39. Bxa7 Qxa7+ 40. Kf1 Qc7 41. Qf2 Qc1+ 42. Kg2 Qc2 43.
Nf3 Qxd3 44. Qc5 Nxf4+ 45. Kg3 Nh5+ 46. Kh4 Kg8 47. Qc8+ Kg7 48. Qxe6 Qxf3 49. Qe7+ Kg8 50. Qe8+ Kg7 51. Qe7+ Kg8 52. Qe8+ Kg7 53. Qe7+ 1/2-1/2

[Event "*** SCC Grand Prix: Titled Tuesday Blitz"]
[Site "Chess.com"]
[Date "2020.07.14"]
[Round "1"]
[White "Misticpikachu"]
[Black "tapu2"]
[Result "1-0"]
[WhiteElo "2233"]
[BlackElo "2533"]
[TimeControl "180+1"]
[EndTime "10:07:41 PDT"]
[Termination "Misticpikachu won on time"]

1. c4 Nf6 2. Nc3 g6 3. e4 d6 4. d4 Bg7 5. h3 Nbd7 6. Be3 e5 7. d5 Nc5 8. f3 Nh5 9. Qd2 Ng3 10. Rh2 Nxf1 11. Kxf1 a5 12. Nge2 O-O 13. h4 f5 14.
Bxc5 dxc5 15. Kg1 b6 16. h5 Qf6 17. hxg6 hxg6 18. Rd1 Ba6 19. b3 Rad8 20. exf5 gxf5 21.
Ng3 e4 22. Nce2 e3 23. Qd3 Rde8 24. Nf4 Bc8 25. Kf1 Qg5 26. Nfh5 Bd4 27. Ke2 Rf7 28. Rf1 f4 29. Ne4 Qf5 30. g4 fxg3 31. Nhxg3 Qg6 32.
Rg1 1-0

[Event "*** SCC Grand Prix: Titled Tuesday Blitz"]
[Site "Chess.com"]
[Date "2020.07.14"]
[Round "1"]
[White "tornikesanikidze"]
[Black "dosto07"]
[Result "1-0"]
[WhiteElo "2530"]
[BlackElo "2199"]
[TimeControl "180+1"]
[EndTime "10:07:41 PDT"]
[Termination "tornikesanikidze won on time"]

1. d4 d5 2. c4 dxc4 3. e4 e5 4.
Nf3 exd4 5. Bxc4 Nc6 6. O-O Be6 7. Bxe6 fxe6 8. Qb3 Qd7 9. Qxb7 Rb8 10. Qa6 Nf6 11. Nbd2 Bd6 12. b3 O-O 13. Bb2 Ng4 14. h3 Nge5 15. Nxe5 Bxe5 16. Rfc1 Rb6 17. Qc4 Bf4 18. Rd1 Ne5 19. Qxd4 Rd6 20. Qc3 Rd3 21. Qc5 Rxd2 22. Rxd2 Qxd2 23. Bxe5 Bxe5 24. Qxe5 Qxf2+ 25. Kh1 Qf6 26. Qxf6 Rxf6 27. Rc1 Rf2 28. Rxc7 Rxa2 29. Re7 Ra3 30.
Rxe6 Rxb3 31. Ra6 Re3 32. Ra4 a5 33. Kg1 Kf7 34. Kf2 Rb3 35. Rxa5 Kf6 36. Rf5+ Ke6 37.
Rf3 Rb2+ 38. Kg3 g6 39. h4 Re2 40. Rf4 Ke5 41. Rf7 h5 42. Kf3 Ra2 43. Re7+ Kf6 44. Rb7 Ra3+ 45. Kf4 Ra2 46. e5+ Ke6 47. Rb6+ Kf7 48.
Rb7+ Ke6 49. Rb6+ Kf7 50. g3 Rf2+ 51. Kg5 Rf5+ 52. Kh6 Rxe5 53. Rxg6 Ra5 54. Rg5 Ra3 55. Kxh5 Kf6 56. g4 Ra1 57. Rg6+ Kf7 58. Rb6 Kg7 59. g5 Rc1 60. Rb7+ Kg8 61. Kh6 Rc8 62. g6 Ra8 63. h5 Rc8 64. Rb5 Ra8 65. Kg5 Rc8 66.
h6 Ra8 67. Rf5 Re8 68. h7+ Kg7 69. Rf7+ Kh8 70. Kh6 1-0

[Event "*** SCC Grand Prix: Titled Tuesday Blitz"]
[Site "Chess.com"]
[Date "2020.07.14"]
[Round "1"]
[White "SuperMagnum"]
[Black "RitvarsReimanis"]
[Result "1-0"]
[WhiteElo "2160"]
[BlackElo "2494"]
[TimeControl "180+1"]
[EndTime "10:07:41 PDT"]
[Termination "SuperMagnum won on time"]

1. e4 e5 2. Nf3 Nc6 3. d4 exd4 4. Bc4 Nf6 5. O-O Nxe4 6. Re1 d5 7. Bxd5 Qxd5 8. Nc3 Qd8 9. Nxe4 Be7 10. Bg5 O-O 11. Bxe7 Nxe7 12. Nxd4 b6 13. Nb5 Bd7 14. Nec3 a6 15.
Nxc7 Ng6 16. Nxa8 Nh4 17. Qd4 Qg5 18. Qd5 Qg6 19. Qe4 Bc6 20. Qxg6 hxg6 21. Nxb6 Nxg2 22.
Ncd5 Nxe1 23. Rxe1 Kh7 24. c4 g5 25. b3 g6 26.
Nf6+ Kg7 27. Nfd5 Rh8 28. Ne7 Bf3 29. Re3 g4 30. c5 Rd8 31. Nbd5 Bxd5 32. Rd3 Re8 33.
Nxd5 Re1+ 34. Kg2 Rc1 35. Rc3 Rd1 36. c6 1-0

[Event "*** SCC Grand Prix: Titled Tuesday Blitz"]
[Site "Chess.com"]
[Date "2020.07.14"]
[Round "1"]
[White "kassablanca"]
[Black "anpospan"]
[Result "1-0"]
[WhiteElo "2627"]
[BlackElo "2313"]
[TimeControl "180+1"]
[EndTime "10:07:42 PDT"]
[Termination "kassablanca won on time"]

1. d4 Nf6 2. c4 c5 3. Nf3 e6 4.
g3 d5 5. cxd5 exd5 6. Bg2 Nc6 7.
O-O Be6 8. Nc3 Be7 9. dxc5 Bxc5 10. Na4 Be7 11. Be3 O-O 12. Nc5 b6 13. Nxe6 fxe6 14.
Rc1 Rc8 15. Bh3 Qd6 16. Bf4 Qd7 17. Qa4 Ne4 18. Ne5 Nxe5 19. Qxd7 Nxd7 20. Bxe6+ Kh8 21.
Rxc8 Rxc8 22. Bxd7 Rc2 23. Rc1 Rxc1+ 24. Bxc1 Bc5 25. e3 d4 26. exd4 Bxd4 27. Bf5 Nxf2 28. Kg2 Nd1 29. Kf3 Nxb2 30. Ke4 Bf6 31. Kd5 g6 32.
Bc2 b5 33. Kc6 a6 34. Kb6 Nc4+ 35. Kxa6 b4 36. Bb3 Nb2 37. Kb5 Nd3 38. Be3 Ne1 39. Kc4 Nf3 40. Kxb4 Nxh2 41. a4 Ng4 42. Bf4 Ne5 43. Kb5 Nd3 44. a5 1-0

[Event "*** SCC Grand Prix: Titled Tuesday Blitz"]
[Site "Chess.com"]
[Date "2020.07.14"]
[Round "1"]
[White "Onegust"]
[Black "GMJustin"]
[Result "1-0"]
[WhiteElo "2607"]
[BlackElo "2300"]
[TimeControl "180+1"]
[EndTime "10:07:43 PDT"]
[Termination "Onegust won on time"]

1. e4 e6 2. d4 d5 3. Bd3 dxe4 4. Bxe4 Nf6 5. Bf3 c5 6. Ne2 Nc6 7. Be3 e5 8. Bxc6+ bxc6 9. dxe5 Qxd1+ 10. Kxd1 Ng4 11.
Nd2 Nxe5 12. h3 Be7 13. Nc3 O-O 14. Nce4 Nd7 15. Re1 f5 16. Nc3 Bf6 17. Bf4 Ba6 18. a4 Rfe8 19. Rxe8+ Rxe8 20. a5 g5 21. Bd6 Re6 22.
Bc7 Bxc3 23. bxc3 Ne5 24. Kc1 Kf7 25. Kb2 Ng6 26. Nb3 Re2 27. Nxc5 Bc4 28. Rd1 Bd5 29. c4 Bxg2 30. Rd7+ Ke8 31. Rd6 Nf4 32. Rd8+ Ke7 33. Rd7+ Ke8 34. Bxf4 gxf4 35. Rxa7 Rxf2 36. Rc7 f3 37. a6 Rd2 38. Rb7 f2 39. a7 Rd8 40.
Rb8 f1=Q 41. a8=Q 1-0

[Event "*** SCC Grand Prix: Titled Tuesday Blitz"]
[Site "Chess.com"]
[Date "2020.07.14"]
[Round "1"]
[White "AryanTari"]
[Black "Agibileg"]
[Result "1-0"]
[WhiteElo "2876"]
[BlackElo "2429"]
[TimeControl "180+1"]
[EndTime "10:07:44 PDT"]
[Termination "AryanTari won by checkmate"]

1. e4 c5 2. Nf3 e6 3. d4 cxd4 4. Nxd4 Nc6 5. Nc3 a6 6. g3 Qc7 7.
Bg2 Nf6 8. O-O Ne5 9. f4 Nc6 10. Nxc6 bxc6 11. e5 Nd5 12. Ne4 Be7 13. c4 Nb6 14. b3 O-O 15. Be3 Bb7 16. Nd6 f6 17. Qd4 c5 18. Qxc5 Qxc5 19. Bxc5 Bxg2 20. Kxg2 Nc8 21.
Ne4 Kf7 22. Rad1 f5 23. Bxe7 Kxe7 24. Nc5 Ra7 25. Rd4 Rc7 26. Nxa6 Ra7 27. Nb4 Nb6 28.
Rf2 Rb8 29. Rfd2 g5 30. fxg5 Ra5 31. Rxd7+ Nxd7 32. Nc6+ Ke8 33. Nxa5 Nxe5 34. Re2 Nd3 35. Rxe6+ Kf7 36. Rf6+ Kg7 37. Nc6 Ra8 38. a4 Re8 39. Nd4 f4 40. Ne6+ Kg8 41. a5 fxg3 42.
hxg3 h6 43. g6 Ne5 44. a6 h5 45. a7 h4 46. gxh4 Nd7 47. Rf7 Nb6 48. Rb7 Na8 49. Rb8 Nc7 50. Rxe8+ Nxe8 51. a8=Q Kh8 52. Qxe8# 1-0

[Event "*** SCC Grand Prix: Titled Tuesday Blitz"]
[Site "Chess.com"]
[Date "2020.07.14"]
[Round "1"]
[White "whodee11"]
[Black "fighter2jz"]
[Result "0-1"]
[WhiteElo "2408"]
[BlackElo "2807"]
[TimeControl "180+1"]
[EndTime "10:07:44 PDT"]
[Termination "fighter2jz won by resignation"]

1. e4 c5 2. Nc3 a6 3. a4 Nc6 4. Bc4 e6 5. f4 Nf6 6. e5 Ng8 7. Ba2 d6 8. Nf3 d5 9. d3 h5 10. Ne2 Nh6 11. c3 Nf5 12. O-O d4 13. Ng3 Nxg3 14.
hxg3 Be7 15. Qe2 g6 16. Nd2 b6 17. Ne4 Bb7 18. Bd2 Qd7 19. Rfd1 O-O-O 20. Be1 Kb8 21. Bf2 Qc7 22. Rab1 Ka8 23. Be1 Rhf8 24. Bf2 Rd7 25. c4 Nb4 26. Bb3 Bc6 27. Ra1 a5 28. Rdc1 Qb7 29.
Be1 Nxd3 30. Qxd3 Bxe4 31. Qf1 d3 32. Bd2 h4 33. Bd1 hxg3 34. Bf3 f5 35. Rd1 Bd8 36. Be1 Bh4 37. Rd2 Rd4 38. b3 Rfd8 39. Rad1 g5 40.
Bxe4 Qxe4 41. Qf3 gxf4 42. Kf1 Bg5 43. Kg1 Ka7 44. Kf1 R4d7 45. Kg1 Qxe5 46. Rxd3 Rxd3 47. Rxd3 Qxe1+ 0-1

[Event "*** SCC Grand Prix: Titled Tuesday Blitz"]
[Site "Chess.com"]
[Date "2020.07.14"]
[Round "1"]
[White "FlamingPhoenix123"]
[Black "platy3"]
[Result "1-0"]
[WhiteElo "2416"]
[BlackElo "2759"]
[TimeControl "180+1"]
[EndTime "10:07:44 PDT"]
[Termination "FlamingPhoenix123 won on time"]

1. e4 c5 2. Nf3 d6 3. d4 cxd4 4. Nxd4 Nf6 5. Nc3 a6 6. Be3 e5 7.
Nf3 Be6 8. Ng5 Be7 9. Nxe6 fxe6 10. Bc4 Qc8 11. Bb3 Nc6 12. O-O Na5 13. Qd3 b5 14. f4 O-O 15. fxe5 dxe5 16. Rad1 Qc6 17. Bg5 Rad8 18.
Qh3 Nxb3 19. cxb3 b4 20. Bxf6 Bxf6 21. Ne2 Be7 22. Rxd8 Rxd8 23. Ng3 Bg5 24. Qg4 Bh6 25. Nh5 Kh8 26. Qf3 Qc5+ 27. Kh1 Qe7 28. Rd1 Rf8 29. Qg4 g6 30. Ng3 Be3 31. Rf1 Rxf1+ 32. Nxf1 Bd4 33. Qe2 a5 34. Nd2 Bxb2 35. Nc4 Bd4 36.
Nxa5 Qg5 37. Qf1 Kg7 38. Nc4 Qg4 39. Nd6 Qg5 40. Qf7+ Kh6 41. Qf8+ Kh5 42. Qf3+ Kh6 43. Nf7+ 1-0

[Event "*** SCC Grand Prix: Titled Tuesday Blitz"]
[Site "Chess.com"]
[Date "2020.07.14"]
[Round "1"]
[White "talaicito"]
[Black "FontVella8"]
[Result "1/2-1/2"]
[WhiteElo "2174"]
[BlackElo "2506"]
[TimeControl "180+1"]
[EndTime "10:07:44 PDT"]
[Termination "Game drawn by repetition"]

1. d4 Nf6 2. Nc3 d5 3. Bf4 e6 4.
e3 a6 5. Nf3 c5 6. Ne5 Nc6 7. g4 cxd4 8. exd4 Qb6 9. g5 Nd7 10.
Nxc6 bxc6 11. Na4 Qa5+ 12. c3 c5 13. dxc5 Nxc5 14. Nxc5 Bxc5 15. Be5 Qb6 16. Qd2 O-O 17. Bd3 Bd6 18. Bxd6 Qxd6 19. O-O e5 20. Rad1 Be6 21. c4 d4 22. b3 f5 23. gxf6 Rxf6 24. f4 exf4 25.
Be4 Rd8 26. Qd3 h6 27. Rf3 Qe5 28. Rdf1 a5 29. Kh1 Bg4 30. Bh7+ Kh8 31. R3f2 f3 32. Be4 Re8 33. Bxf3 Qe3 34. Qd1 Rxf3 35. Rxf3 Qe4 36. Kg2 Rf8 37. Rf2 Rxf3 38. Rxf3 d3 39. Kg3 Bxf3 40. Qxf3 Qe1+ 41. Kg2 Qd2+ 42. Kg3 Qg5+ 43.
Kf2 d2 44. Ke2 h5 45. Kd1 g6 46. Qf8+ Kh7 47. Qf7+ Kh8 48. Qf8+ Kh7 49. Qf7+ Kh8 50.
Qf8+ 1/2-1/2

[Event "*** SCC Grand Prix: Titled Tuesday Blitz"]
[Site "Chess.com"]
[Date "2020.07.14"]
[Round "1"]
[White "Korona_91"]
[Black "skeyman"]
[Result "1-0"]
[WhiteElo "2485"]
[BlackElo "2098"]
[TimeControl "180+1"]
[EndTime "10:07:45 PDT"]
[Termination "Korona_91 won by resignation"]

1. e4 c5 2. Nf3 e6 3. b3 Nc6 4. Bb2 Nf6 5. e5 Ng4 6. h3 Nh6 7. Bb5 Qc7 8. O-O a6 9. Bxc6 Qxc6 10. d3 b6 11. Nbd2 Bb7 12. Ne4 Nf5 13. Re1 h5 14.
d4 cxd4 15. Nxd4 Nxd4 16. Bxd4 Be7 17. c4 g5 18. Qd3 g4 19. h4 Rd8 20. Qe3 Rg8 21.
g3 Bc5 22. Bxc5 bxc5 23. Nd6+ Ke7 24. Nxb7 Qxb7 25. Qxc5+ Ke8 26. Rad1 Rf8 27. Rd6 f6 28. exf6 Rxf6 29. Qxh5+ Ke7 30. c5 Qf3 31. Qh7+ Rf7 32.
Qc2 Rdf8 33. Re2 Rf5 34. Qd3 Qxd3 35. Rxd3 Rxc5 36. Red2 Rc1+ 37. Kg2 d5 38. Re3 Kd6 39. Rde2 Rf6 40. Rd3 Rc7 41. b4 Rcf7 42. Rd4 Rf3 43. Rxg4 Ra3 44. Rg6 Re7 45. h5 Ra4 46. Rg4 Rb7 47.
h6 Raxb4 48. Rg6 Rh7 49. Rexe6+ Kc5 50. Rc6+ Kd4 51. Rg5 Rb2 52. Rg7 Rxh6 53. Rxh6 1-0

[Event "*** SCC Grand Prix: Titled Tuesday Blitz"]
[Site "Chess.com"]
[Date "2020.07.14"]
[Round "1"]
[White "Zhuu96"]
[Black "XiaoKangZhong"]
[Result "1-0"]
[WhiteElo "2842"]
[BlackElo "2420"]
[TimeControl "180+1"]
[EndTime "10:07:46 PDT"]
[Termination "Zhuu96 won by checkmate"]

1. d4 Nf6 2. c4 g6 3. g3 Bg7 4. Bg2 d5 5. cxd5 Nxd5 6. Nf3 O-O 7. O-O Nb6 8. Nc3 Nc6 9. e3 e5 10. d5 Na5 11. e4 c6 12. Bg5 f6 13. Be3 Nac4 14. Bc5 Rf7 15. b3 Na5 16. Bb4 Nd7 17.
Qd2 c5 18. Ba3 b6 19. Rfe1 Nb7 20. d6 Nb8 21. Rad1 Bg4 22. Nb5 Nc6 23. h3 Bxf3 24.
Bxf3 Bf8 25. Bg4 Nd4 26. Nxd4 exd4 27. Be6 Qxd6 28. Bxf7+ Kxf7 29. Qe2 Qe6 30. Qf3 Rb8 31. Bc1 Nd8 32. e5 f5 33. Bg5 Be7 34. Bf6 Rb7 35.
h4 Qc6 36. Qf4 Bxf6 37. exf6 Qxf6 38. Qh6 Qg7 39. Qf4 Qf6 40. Qf3 Re7 41. Qd5+ Ke8 42. b4 Qc6 43. Qg8+ Kd7 44. Rxe7+ Kxe7 45. Qxh7+ Nf7 46. Qg7 Qe4 47. bxc5 bxc5 48. Qxg6 c4 49. Qa6 c3 50. Qxa7+ Ke6 51. Qxd4 Qc2 52. Re1+ Ne5 53. Rxe5+ Kf7 54. Qd7+ Kf6 55. Re6# 1-0

[Event "*** SCC Grand Prix: Titled Tuesday Blitz"]
[Site "Chess.com"]
[Date "2020.07.14"]
[Round "1"]
[White "Artem_Sadovsky"]
[Black "allvim"]
[Result "0-1"]
[WhiteElo "2544"]
[BlackElo "2243"]
[TimeControl "180+1"]
[EndTime "10:07:46 PDT"]
[Termination "allvim won on time"]

1. Nf3 Nf6 2. c4 c5 3. b3 g6 4. Bb2 Bg7 5. g4 O-O 6. g5 Nh5 7. Bxg7 Kxg7 8. Nc3 Nc6 9. e3 d6 10. Be2 Kg8 11. d4 cxd4 12. Nxd4 Nxd4 13. Qxd4 Ng7 14. h4 Qa5 15. Qd2 Be6 16. Bf3 Rab8 17. Rd1 a6 18. Kf1 Rfe8 19. Ne4 Qxd2 20. Rxd2 Red8 21.
h5 gxh5 22. Ng3 b5 23. cxb5 axb5 24. Nxh5 Nxh5 25. Rxh5 Bf5 26. Rh4 Rdc8 27. Rb4 Rc5 28. Bd5 Rbc8 29. f4 Rc2 30. Rbd4 Rxd2 31. Rxd2 Rc1+ 32. Ke2 Bg4+ 33. Kd3 Bd7 34. Rh2 b4 35. Be4 Bb5+ 36. Kd2 Ra1 37. Rxh7 Rxa2+ 38. Kc1 Re2 39. Rh3 Rf2 40. Bh7+ Kg7 41. Bc2 Rf1+ 42. Kb2 Rf2 43.
e4 Rxf4 0-1

[Event "*** SCC Grand Prix: Titled Tuesday Blitz"]
[Site "Chess.com"]
[Date "2020.07.14"]
[Round "1"]
[White "vova-79"]
[Black "biaf13"]
[Result "1-0"]
[WhiteElo "2462"]
[BlackElo "1958"]
[TimeControl "180+1"]
[EndTime "10:07:48 PDT"]
[Termination "vova-79 won on time"]

1. d4 Nf6 2. c4 g6 3. Nc3 d5 4. Nf3 Bg7 5. Bf4 O-O 6. e3 c5 7. dxc5 Ne4 8. Be5 Nxc3 9. bxc3 Qa5 10. Qb3 dxc4 11. Bxc4 Nc6 12. Bxg7 Kxg7 13. O-O Bg4 14. Qxb7 Bxf3 15. gxf3 Ne5 16. Be2 Qxc5 17. Rfc1 Rab8 18.
Qe4 Rb2 19. Rc2 Rfb8 20. f4 Rxc2 21. Qxc2 Nc4 22. Rb1 Rd8 23. Bxc4 Qxc4 24. Rb4 Qc8 25. f5 a5 26. Rf4 Rd5 27. c4 Rc5 28. fxg6 hxg6 29.
Qc3+ Kg8 30. h4 e5 31. Rf3 Rxc4 32. Qxe5 Qg4+ 33. Rg3 Rc1+ 34. Kg2 Qe2 35. h5 Qf1+ 36. Kf3 Qd1+ 37. Kf4 Rc4+ 38. e4 Qd2+ 39. Kg4 gxh5+ 40.
Kxh5+ Kf8 41. Qg7+ Ke7 42. Qg5+ Qxg5+ 43. Rxg5 Rxe4 44.
Rxa5 Rf4 45. Re5+ Kf6 46. Re2 Rf3 47. Kg4 Ra3 48. f4 Kg7 49. Kf5 1-0

[Event "*** SCC Grand Prix: Titled Tuesday Blitz"]
[Site "Chess.com"]
[Date "2020.07.14"]
[Round "1"]
[White "WiktoriaPOL"]
[Black "turayev_shahruh17"]
[Result "0-1"]
[WhiteElo "1893"]
[BlackElo "2459"]
[TimeControl "180+1"]
[EndTime "10:07:48 PDT"]
[Termination "turayev_shahruh17 won by checkmate"]

1. c4 e6 2. Nc3 d5 3. d4 a6 4. cxd5 exd5 5. Qc2 c6 6. a3 Bd6 7. Nf3 Ne7 8. Bg5 f6 9. Bh4 Bf5 10. Qb3 Nd7 11. e3 O-O 12. Be2 b5 13. O-O a5 14. Qd1 a4 15. Bd3 Bxd3 16. Qxd3 Ng6 17. Bg3 Bxg3 18. hxg3 Nb6 19. Rac1 Nc4 20. Qc2 Re8 21.
Nd2 Nxd2 22. Qxd2 Ne7 23. Na2 Qd7 24. Nb4 Rac8 25. Rc5 Nf5 26. Rfc1 Nd6 27. Qd3 Nc4 28. Qc3 h5 29. Nd3 g5 30. b4 Kf7 31. Nb2 h4 32. gxh4 gxh4 33. Nxc4 bxc4 34. Ra5 h3 35. g3 h2+ 36. Kxh2 Rh8+ 37. Kg2 Qh3+ 38. Kf3 Qf5+ 39.
Ke2 Rh2 40. Rf1 Re8 41. Ra7+ Kg6 42. Rxa4 Qg4+ 43. Ke1 Qf3 44. Qc2+ f5 45. Qe2 Qe4 46. Qd1 Qxe3+ 47. fxe3 Rxe3+ 48. Qe2 Rexe2+ 49. Kd1 Ra2 50. Ra6 Ra1# 0-1

[Event "*** SCC Grand Prix: Titled Tuesday Blitz"]
[Site "Chess.com"]
[Date "2020.07.14"]
[Round "1"]
[White "ShimanovAlex"]
[Black "Tashik"]
[Result "1-0"]
[WhiteElo "2826"]
[BlackElo "2416"]
[TimeControl "180+1"]
[EndTime "10:07:50 PDT"]
[Termination "ShimanovAlex won by checkmate"]

1. e4 e5 2. Nf3 Nc6 3. Bc4 Bc5 4. c3 Nf6 5. d3 O-O 6. Bg5 h6 7. Bh4 Be7 8. Nbd2 d6 9. a4 Be6 10. Bxf6 Bxf6 11. Bxe6 fxe6 12. b4 Ne7 13. O-O Ng6 14.
a5 Nf4 15. Qc2 Qe8 16. g3 Nh3+ 17. Kg2 Qh5 18. Qd1 Qg4 19. Ne1 Nf4+ 20. Kh1 Qxd1 21.
Rxd1 Ng6 22. Kg2 a6 23. c4 Ne7 24. Nef3 Nc6 25. Rb1 Nd4 26. Nxd4 exd4 27. f4 e5 28. f5 Bg5 29. Nf3 Be3 30. Rb2 c6 31. c5 Rfe8 32.
cxd6 Rad8 33. Rc2 Kf7 34. g4 Kf6 35. h4 Rxd6 36. Rc5 Rd7 37. Rh1 Rde7 38. Kf1 Rd7 39. Ke2 Rde7 40. Rh2 Bf4 41. Rh3 Be3 42. Rg3 Bf4 43.
g5+ hxg5 44. hxg5+ Kf7 45. Rh3 Rd7 46. Rh7 Kg8 47.
g6 Rde7 48. Kf1 Be3 49. Rc2 Bf4 50. Rg2 Be3 51. Rgh2 Bh6 52. f6 gxf6 53. R7xh6 Kg7 54. R6h3 Rg8 55. Nh4 Kf8 56. Nf5 Rd7 57. Rh7 Ke8 58.
Rxd7 Kxd7 59. Rh7+ Ke6 60. Re7# 1-0

[Event "*** SCC Grand Prix: Titled Tuesday Blitz"]
[Site "Chess.com"]
[Date "2020.07.14"]
[Round "1"]
[White "doctorcristian"]
[Black "GMHess"]
[Result "1/2-1/2"]
[WhiteElo "2400"]
[BlackElo "2743"]
[TimeControl "180+1"]
[EndTime "10:07:50 PDT"]
[Termination "Game drawn by repetition"]

1. d4 g6 2. e4 Bg7 3. Nc3 a6 4. Be3 e6 5. Qd2 h6 6. f4 b5 7. Bd3 Bb7 8. Nf3 d6 9. O-O Ne7 10. e5 Nf5 11. Ne4 Nc6 12. c3 Nxe3 13. Qxe3 Ne7 14.
Rad1 Nd5 15. Qc1 O-O 16. Rfe1 Qe7 17. b3 dxe5 18. dxe5 Rfd8 19. Bb1 b4 20. c4 Nc3 21. Nxc3 Bxf3 22. Rxd8+ Rxd8 23. Ne4 Bxe4 24. Bxe4 Qc5+ 25. Qe3 Rd4 26. Kf1 Bf8 27. g3 Qb6 28. Qe2 Qa5 29.
Bb1 Bc5 30. Rd1 Qa3 31. Rxd4 Bxd4 32. Qc2 c5 33. Kg2 Kf8 34. h4 a5 35. Kh3 a4 36. Kg2 axb3 37. axb3 Qa1 38. Kh3 h5 39. Kg2 Qa8+ 40. Qe4 Qa7 41. Qc2 Qa3 42. Kh3 Bc3 43. Kg2 Ke7 44. Qd1 Qb2+ 45. Qc2 Qa1 46. Qa2 Qxa2+ 47. Bxa2 f6 48. Bb1 fxe5 49. fxe5 Kf7 50.
Kf3 Bxe5 51. g4 hxg4+ 52. Kxg4 Kf6 53. Be4 Bc3 54. Bc2 Be1 55. Bb1 Bd2 56. Bc2 g5 57. h5 Kg7 58. Be4 Kf6 59. Bc2 Ke5 60. h6 Kf6 61. h7 Kg7 62. Be4 Bf4 63. Bd3 Bd2 64. Be4 Bf4 65. Bd3 Bc1 66. Be4 Bf4 1/2-1/2